[Event "Saint Louis Invitational-A 2019"]
[Site "Saint Louis"]
[Date "2019.11.22"]
[Round "2.1"]
[White "Matsenko, Sergei"]
[Black "Zierk, Steven"]
[Result "1/2-1/2"]
[ECO "A05"]
[WhiteElo "2533"]
[BlackElo "2512"]
[Annotator "ChessBase"]
[PlyCount "107"]
[EventDate "2019.11.21"]
[EventType "tourn"]
[EventCountry "USA"]
[SourceTitle "playchess.com"]
[Source "ChessBase"]
[SourceQuality "1"]
[TimeControl "5400+30"]

1. Nf3 Nf6 2. c4 b6 3. g3 Bb7 4. Bg2 c5 5. O-O g6 6. d4 Bg7 7. Nc3 Ne4 8. Nxe4 Bxe4 9. d5 O-O 10. Bh3 Bxf3 11. exf3 d6 12. f4 a6 13. a4 Nd7 14. Re1 Re8 15. Ra3 Rb8 16. Bf1 Nf8 17. Rae3 Bd4 18. Re4 e5 19. dxe6 Rxe6 20. b3 Qf6 21. Qd3 Rbe8 22. Bh3 R6e7 23. Bd2 a5 24. Bg4 Ne6 25. h4 Nc7 26. Rxe7 Rxe7 27. Rxe7 Qxe7 28. f5 Ne8 29. fxg6 hxg6 30. Bf3 Nf6 31. Kg2 Qe6 32. Bf4 Kf8 33. Qe2 Qxe2 34. Bxe2 Ne8 35. g4 Be5 36. Bd2 Ng7 37. h5 Ne6 38. Bd1 Kg7 39. Kf3 gxh5 40. gxh5 f5 41. Be3 Nd4+ 42. Bxd4 Bxd4 43. Kf4 Kf6 44. Bc2 Be5+ 45. Kf3 Kg5 46. h6 Kxh6 47. Bxf5 Bd4 48. Kg3 Kg5 49. Be4 Be5+ 50. Kf3 Bd4 51. Bc2 Kh4 52. Bf5 Kg5 53. Bc8 Kh4 54. Bd7 1/2-1/2

[Event "Saint Louis Invitational-A 2019"]
[Site "Saint Louis"]
[Date "2019.11.22"]
[Round "2.4"]
[White "Hilby, Craig"]
[Black "Thavandiran, Shiyam"]
[Result "1/2-1/2"]
[ECO "E94"]
[WhiteElo "2414"]
[BlackElo "2409"]
[Annotator "ChessBase"]
[PlyCount "45"]
[EventDate "2019.11.21"]
[EventType "tourn"]
[EventCountry "USA"]
[SourceTitle "playchess.com"]
[Source "ChessBase"]
[SourceQuality "1"]
[TimeControl "5400+30"]

1. d4 Nf6 2. c4 d6 3. Nc3 Nbd7 4. Nf3 g6 5. e4 e5 6. Be2 Bg7 7. O-O O-O 8. Be3 Ng4 9. Bg5 f6 10. Bd2 c6 11. d5 Qe7 12. b4 f5 13. Bg5 Ndf6 14. c5 dxc5 15. d6 Qe8 16. bxc5 h6 17. Bc1 fxe4 18. Ne1 h5 19. Bg5 Be6 20. h3 Nh6 21. Bxf6 Rxf6 22. Nxe4 Rf4 23. Qc2 1/2-1/2

[Event "Saint Louis Invitational-A 2019"]
[Site "Saint Louis"]
[Date "2019.11.22"]
[Round "2.5"]
[White "Mishra, Abhimanyu"]
[Black "Yoo, Christopher Woojin"]
[Result "1/2-1/2"]
[ECO "B53"]
[WhiteElo "2396"]
[BlackElo "2449"]
[Annotator "ChessBase"]
[PlyCount "64"]
[EventDate "2019.11.21"]
[EventType "tourn"]
[EventCountry "USA"]
[SourceTitle "playchess.com"]
[Source "ChessBase"]
[SourceQuality "1"]
[TimeControl "5400+30"]

1. e4 c5 2. Nf3 d6 3. d4 cxd4 4. Qxd4 Nc6 5. Bb5 Bd7 6. Qd3 Nf6 7. c4 g6 8. Nc3 Bg7 9. O-O O-O 10. h3 Nb4 11. Qe2 a6 12. Bxd7 Nxd7 13. Be3 Bxc3 14. bxc3 Nc6 15. Rab1 Qc7 16. Nd2 Rfc8 17. f4 Na5 18. Rb4 b5 19. Rfb1 Nxc4 20. Nxc4 bxc4 21. f5 Rab8 22. Bd4 Ne5 23. Rxb8 Rxb8 24. Rxb8+ Qxb8 25. Bxe5 dxe5 26. fxg6 hxg6 27. Qxc4 Qb6+ 28. Kh2 Qe3 29. a4 a5 30. Qc6 Qf4+ 31. Kh1 Qf1+ 32. Kh2 Qf4+ 1/2-1/2

[Event "Saint Louis Invitational-A 2019"]
[Site "Saint Louis"]
[Date "2019.11.23"]
[Round "4.1"]
[White "Matsenko, Sergei"]
[Black "Boros, Denes"]
[Result "1-0"]
[ECO "A04"]
[WhiteElo "2533"]
[BlackElo "2448"]
[Annotator "ChessBase"]
[PlyCount "79"]
[EventDate "2019.11.21"]
[EventType "tourn"]
[EventCountry "USA"]
[SourceTitle "playchess.com"]
[Source "ChessBase"]
[SourceQuality "1"]
[TimeControl "5400+30"]

1. Nf3 c5 2. c4 Nc6 3. e3 e5 4. Nc3 f5 5. d4 e4 6. d5 exf3 7. dxc6 dxc6 8. Qxd8+ Kxd8 9. gxf3 Be6 10. b3 Be7 11. Bb2 Bf6 12. O-O-O+ Ke7 13. Rg1 Nh6 14. Na4 b6 15. Rxg7+ Bxg7 16. Bxg7 Nf7 17. Bxh8 Rxh8 18. f4 Rg8 19. f3 Rg6 20. Nc3 Nd6 21. Kc2 Rh6 22. Rd2 Bf7 23. Rg2 Bg6 24. Kd2 Rh4 25. Ke1 Ne8 26. Kf2 Nf6 27. Kg1 Ne8 28. Rg3 Nd6 29. Kg2 Ne8 30. Rh3 Rxh3 31. Kxh3 Nc7 32. Kg3 Kf6 33. Bd3 Ne6 34. Kf2 h6 35. Ne2 a6 36. e4 Bh7 37. Ke3 Ng7 38. Ng3 b5 39. exf5 Nxf5+ 40. Bxf5 1-0